 Dungeon Crawl Stone Soup version 0.20.0-10-g0535bb4 (webtiles) character file.

1420 IcyNumb the Stinger (level 8, 39/39 HPs)
             Began as a Spriggan Venom Mage on June 5, 2017.
             Quit the game in the Ecumenical Temple on June 7, 2017.
             The game lasted 00:18:49 (6477 turns).

IcyNumb the Stinger (Spriggan Venom Mage)           Turns: 6477, Time: 00:18:49

Health: 39/39      AC:  2    Str:  4    XL:     8   Next: 43%
Magic:  15/15      EV: 22    Int: 23    God:
Gold:   250        SH:  0    Dex: 16    Spells: 7/15 levels left

rFire    . . .     SeeInvis +   w - +0 dagger (flame)
rCold    . . .     Gourm    .   (shield restricted)
rNeg     . . .     Faith    .   a - +0 robe
rPois    .         Spirit   .   (helmet restricted)
rElec    .         Reflect  .   (no cloak)
rCorr    .         Harm     .   (gloves unavailable)
MR       +....                  (boots unavailable)
Stlth    ++++......             (no amulet)
Regen    0.2/turn               d - +4 ring of intelligence
MPRegen  0.2/turn               (no ring)

@: very quick
A: unfitting armour, see invisible, herbivore 3, speed 3, slow metabolism 2
a: no special abilities


You were in the Ecumenical Temple.
You were very hungry.

You visited 2 branches of the dungeon, and saw 6 of its levels.

You collected 250 gold pieces.

Inventory:

Hand Weapons
 w - a +0 dagger of flaming (weapon)
Armour
 a - a +0 robe (worn)
 q - a +0 cloak
Jewellery
 d - a +4 ring of intelligence (left hand)
Scrolls
 j - 5 scrolls of identify {unknown}
 l - a scroll of recharging {unknown}
 m - 2 scrolls of immolation {unknown}
 n - a scroll of blinking {unknown}
 o - a scroll of enchant weapon {unknown}
 p - a scroll of amnesia {unknown}
 t - a scroll of random uselessness {unknown}
Potions
 e - 2 potions of flight {unknown}
 g - 2 potions of haste {unknown}
 i - 4 potions of curing
 k - a potion of lignification {unknown}
 r - 3 potions of heal wounds {unknown}
 u - a potion of berserk rage {unknown}
 v - 2 potions of mutation {unknown}
Books
 b - a Young Poisoner's Handbook

   Spells                             Type                      Level
   a - Sting                          Conjuration/Poison           1
   b - Poisonous Vapours              Poison/Air                   2
   c - Mephitic Cloud                 Conjuration/Poison/Air       3
   d - Olgreb's Toxic Radiance        Poison                       4
   e - Venom Bolt                     Conjuration/Poison           5
 f - a book of Frost

   Spells                             Type                      Level
   a - Freeze                         Ice                          1
   b - Throw Frost                    Conjuration/Ice              2
   c - Ozocubu's Armour               Charms/Ice                   3
   d - Throw Icicle                   Conjuration/Ice              4
   e - Summon Ice Beast               Ice/Summoning                4
Comestibles
 c - 6 bread rations
 h - 2 royal jellies


   Skills:
 + Level 2.3 Fighting
 + Level 0.0 Short Blades
 + Level 6.6 Dodging
 + Level 7.1 Stealth
 - Level 4.2 Spellcasting
 - Level 2.0 Conjurations
 - Level 1.0 Air Magic
 * Level 7.4 Poison Magic


You had 7 spell levels left.
You knew the following spells:

 Your Spells              Type           Power        Failure   Level  Hunger
a - Sting                 Conj/Pois      ####         1%          1    None
b - Mephitic Cloud        Conj/Pois/Air  ###.....     7%          3    ##.....
c - Olgreb's Toxic Radia  Pois           #####...     4%          4    ####...


Dungeon Overview and Level Annotations

Branches:
Dungeon (5/15)             Temple (1/1) D:5

Altars:
Ashenzari
Cheibriados
Elyvilon
Fedhas
Gozag
Hepliaklqana
Kikubaaqudgha
Makhleb
Nemelex Xobeh
Okawaru
Qazlal
Ru
Uskayaw
Vehumet
Xom
Yredelemnul
Zin
The Shining One


Innate Abilities, Weirdness & Mutations

You are very small and have problems with some larger weapons.
You are too small for most types of armour.
You have supernaturally acute eyesight. (SInv)
You are a herbivore.
You cover ground extremely quickly.
You need consume almost no food.


Message History

You can't see any susceptible monsters within range! (Use Z to cast anyway.)
You climb downwards.
Welcome to the Ecumenical Temple!
Found twelve altars.
There is a staircase back to the Dungeon here.
Found a blossoming altar of Fedhas.
There is a glowing golden altar of the Shining One here.
There is a sparkling altar of Nemelex Xobeh here.
There is a sparkling altar of Nemelex Xobeh here.
There is a glowing golden altar of the Shining One here.
Found a hazy altar of Hepliaklqana.
There is a burning altar of Makhleb here.
There is a staircase back to the Dungeon here.
Found a shattered altar of Ashenzari.
There is a shimmering altar of Xom here.
Found a glowing silver altar of Zin.
Welcome back, IcyNumb the Spriggan Venom Mage.
Press ? for a list of commands and other information.
Done exploring.
Unknown command.
Are you sure you want to abandon this character and quit the game? (Confirm with "yes".)

#....._....## ##...._.....#
#...........# #...........#
#......._...###..._.......#
###..........#..........###
###....._..#.._.....###
###.............###
###.........### ###..<..###
###.@.......###
###.............###
###....._..#.._.....###
###..........#..........###
#......._...###..._.......#
#...........# #...........#
#....._....## ##...._.....#
##.........# #.........##
#.._.....## ##....._..#


There were no monsters in sight!

Vanquished Creatures
  A two-headed ogre (D:4)
  An ogre (D:4)
  2 scorpions (D:4)
  2 howler monkeys (D:4)
  A hound (D:4)
  An orc priest (D:3)
  An iguana (D:4)
  4 orc wizards
  Terence (D:2)
  3 worker ants (D:4)
  5 gnolls (D:4)
  9 adders
  4 worms
  3 dart slugs
  5 leopard geckos
  14 orcs
  5 giant cockroaches
  8 hobgoblins
  6 jackals
  6 kobolds
  2 quokkas
  6 bats
  4 frilled lizards
  11 goblins
  2 rats (D:1)
107 creatures vanquished.

Vanquished Creatures (others)
  2 orcs (D:3)
  A goblin (D:3)
3 creatures vanquished.

Grand Total: 110 creatures vanquished

Notes
Turn   | Place    | Note
-------+----------+-------------------------------------------
     0 | D:1      | IcyNumb the Spriggan Venom Mage began the quest for the Orb.
     0 | D:1      | Reached XP level 1. HP: 9/9 MP: 5/5
   283 | D:1      | Reached XP level 2. HP: 6/13 MP: 1/7
  1201 | D:2      | Reached XP level 3. HP: 16/16 MP: 6/9
  1811 | D:2      | Learned a level 3 spell: Mephitic Cloud
  1966 | D:2      | Noticed Terence
  2222 | D:2      | Killed Terence
  2222 | D:2      | Reached XP level 4. HP: 13/21 MP: 1/11
  2463 | D:2      | Learned a level 4 spell: Olgreb's Toxic Radiance
  2992 | D:3      | Found a radiant altar of Vehumet.
  3084 | D:3      | Reached XP level 5. HP: 24/24 MP: 0/12
  3301 | D:3      | Reached skill level 1 in Conjurations
  4327 | D:4      | Reached skill level 5 in Poison Magic
  4550 | D:4      | Reached XP level 6. HP: 25/28 MP: 1/13
  4576 | D:4      | Reached skill level 1 in Air Magic
  5254 | D:4      | Reached skill level 5 in Stealth
  5373 | D:4      | Found a hide-covered altar of Uskayaw.
  5391 | D:4      | Reached XP level 7. HP: 30/32 MP: 4/14
  5726 | D:4      | Reached skill level 5 in Dodging
  5782 | D:4      | Found a sacrificial altar of Ru.
  5875 | D:4      | Reached skill level 1 in Fighting
  6142 | D:4      | Noticed a two-headed ogre
  6202 | D:4      | Killed a two-headed ogre
  6202 | D:4      | Reached XP level 8. HP: 39/39 MP: 1/15
  6320 | D:5      | Entered Level 5 of the Dungeon
  6320 | D:5      | Found a staircase to the Ecumenical Temple.
  6411 | Temple   | Entered the Ecumenical Temple
  6477 | Temple   | Quit the game

Skill      XL: |  1  2  3  4  5  6  7 |
---------------+----------------------+-----
Spellcasting   | 3 4 |  4.2
Poison Magic   | 4 5 7 |  7.4
Conjurations   | 1 2 |  2.0
Stealth        | 4 5 7 |  7.1
Air Magic      | 1 |  1.0
Dodging        | 4 6 |  6.6
Fighting       | 2 |  2.3

Action                   |  1- 3 |  4- 6 |  7- 9 || total
-------------------------+-------+-------+-------++-------
Melee: Dagger            |    11 |     5 |     1 ||    17
 Cast: Sting             |   106 |   229 |    71 ||   406
  Use: Scroll            |       |     2 |       ||     2
  Eat: Fruit             |       |       |     1 ||     1
Armor: Robe              |     4 |     3 |       ||     7
Dodge: Dodged            |    31 |    39 |     1 ||    71
